 Dungeon Crawl Stone Soup version 0.28-a0-537-g3bccd9ccbf (webtiles) character file.

Game seed: 10573799497670455498

15 Tocho the Sneak (level 2, -3/22 HPs)
             Began as a Naga Hedge Wizard on Sept 27, 2021.
             Slain by a gnoll (7 damage)
             ... on level 2 of the Dungeon.
             The game lasted 00:02:05 (940 turns).

Tocho the Sneak (Naga Hedge Wizard)                  Turns: 940, Time: 00:02:06

Health: -3/22      AC:  1    Str: 12    XL:     2   Next: 50%
Magic:  6/6        EV: 10    Int: 14    God:
Gold:   45         SH:  0    Dex: 10    Spells: 6/7 levels left

rFire   . . .      SeeInvis +   i - +0 long sword
rCold   . . .      Faith    .   (no shield)
rNeg    . . .      Spirit   .   h - +0 robe
rPois   +          Reflect  .   c - +0 hat
rElec   .          Harm     .   (no cloak)
rCorr   .          Rampage  .   (no gloves)
Will    .....                   (no barding)
Stlth   ++........              (no amulet)
HPRegen 0.07/turn               (no ring)
MPRegen 0.10/turn               (no ring)

@: very slow
A: AC +0, large, see invisible, deformed body, poison resistance, slowness 2,
spit poison 1, naga tail 1
a: Spit Poison


You were on level 2 of the Dungeon.
You visited 1 branch of the dungeon, and saw 2 of its levels.

You collected 85 gold pieces.
You spent 40 gold pieces at shops.

Inventory:

Hand Weapons
 a - a +0 dagger
 d - a +0 short sword
 i - a +0 long sword (weapon)
Missiles
 e - 5 stones
Armour
 c - a +0 hat (worn)
 h - a +0 robe (worn)
Scrolls
 f - 3 scrolls of identify
 g - a scroll of vulnerability {unknown}
Potions
 b - a potion of flight {unknown}
 j - a potion of attraction {unknown}


   Skills:
 + Level 1.8 Dodging
 + Level 3.4 Stealth
 + Level 3.3 Spellcasting
 + Level 1.0 Conjurations
 + Level 1.0 Summonings
 + Level 1.0 Translocations


You had 6 spell levels left.
You knew the following spells:

 Your Spells              Type           Power      Damage    Failure   Level
a - Magic Dart            Conj           20%        1d4       14%         1

Your spell library contained the following spells:

 Spells                   Type           Power      Damage    Failure   Level
 Blink                    Tloc           N/A        N/A       21%         2
 Call Imp                 Summ           5%         N/A       21%         2
 Slow                     Hex            2%         N/A       30%         2
 Conjure Flame            Conj/Fire      3%         6-21      45%         3
 Mephitic Cloud           Conj/Pois/Air  3%         N/A       47%         3


Dungeon Overview and Level Annotations

Branches:
Dungeon (2/15)

Altars:

Shops:
D:1 ?


Innate Abilities, Weirdness & Mutations

Your serpentine skin is tough. (AC +0)
You have supernaturally acute eyesight. (SInv)
Armour fits poorly on your strangely shaped body.
Your system is resistant to poisons. (rPois)
You cover ground very slowly.
You can spit poison.
You have a snake-like lower body.


Message History

Aim: a ball python (asleep)
The splash of poison hits the ball python.
The ball python is poisoned.
You kill the ball python!
You have got your breath back.
You see here a ball python corpse.
Found a stone staircase leading down.
There is a stone staircase leading down here.
A hobgoblin comes into view.
The hobgoblin shouts!
Aiming: Magic Dart (safe; 14% risk of failure)
Press: ? - help, Q - select action, (/) - cycle Shift-Dir - straight line, f - hobgoblin
Aim: a hobgoblin (100% to hit)
The magic dart hits the hobgoblin.
The hobgoblin is heavily wounded.
You barely miss the hobgoblin.
The hobgoblin is heavily wounded.
The hobgoblin hits you. x2
You hit the hobgoblin.
You kill the hobgoblin!
No target in view!
You see here a hobgoblin corpse.
Found a stone staircase leading down.
Done exploring.
Done exploring.
Done exploring.
There is a stone staircase leading down here.
You climb downwards.
There is a stone staircase leading up here.
A gnoll is nearby! 2 gnolls come into view.
The helpless gnoll fails to defend itself.
You slash the gnoll!
The gnoll is severely wounded.
The gnoll hits you from afar with a +0 halberd!
Ouch! That really hurt!
The gnoll hits you with a +0 flail.
* * * LOW HITPOINT WARNING * * *
The gnoll hits you from afar with a +0 halberd!
You die...

#########
#.....g..
#g# #g#
#.# #@#
#.# #.#
#<# #.#
#.# #.#
#.# #..


You could see 2 gnolls.

Vanquished Creatures
  2 bats (D:1)
  An endoplasm (D:1)
  A goblin (D:1)
  A hobgoblin (D:1)
  A kobold (D:1)
  A quokka (D:1)
  3 ball pythons (D:1)
  4 rats (D:1)
14 creatures vanquished.

Notes
Turn   | Place    | Note
-------+----------+-------------------------------------------
     0 | D:1      | Tocho the Naga Hedge Wizard began the quest for the Orb.
     0 | D:1      | Reached XP level 1. HP: 15/15 MP: 4/4
   294 | D:1      | Reached XP level 2. HP: 22/22 MP: 4/6
   421 | D:1      | Found Diekomuloe's Magic Scroll Boutique.
   452 | D:1      | Bought a scroll of identify for 20 gold pieces
   452 | D:1      | Bought a scroll of identify for 20 gold pieces
   940 | D:2      | Slain by a gnoll

Illustrated notes

Levels and vault maps discovered:
D:1:      minmay_arrival_radiant_lines, layout_loops_ring, serial_shops, shop
D:2:      layout_loops_ring, basic_ecumenical_altar, palyth_stone_intersect

Action                   || total
-------------------------++-------
Melee: Short sword       ||     6
       Long sword        ||     3
 Cast: Magic Dart        ||    18
 Abil: Spit Poison       ||     4
 Stab: Sleeping          ||     3
Armor: Robe              ||     2
Dodge: Dodged            ||     5

Table legend: (Time is in decaauts)
 A = Elapsed time spent in this place.
 B = Non-inter-level travel time spent in this place.
 C = Inter-level travel time spent in this place.
 D = Time resting spent in this place.
 E = Time spent auto-exploring this place.
 F = Levels seen in this place.
 G = Mean time per level.
                   A        B        C        D        E       F      G
               +--------+--------+--------+--------+--------+-----+--------+
         Total |   1164 |   1101 |     63 |      0 |    958 |   2 |  582.0 |
       Dungeon |   1164 |   1101 |     63 |      0 |    958 |   2 |  582.0 |
               +--------+--------+--------+--------+--------+-----+--------+

Top non-repeatable levels by time:
     D:1: 1151 daAuts
     D:2: 13 daAuts
